 Dungeon Crawl Stone Soup version 0.28.0-53-g5a82cb258f (webtiles) character file.

Game seed: 10838685550786355056

368 safid the Cleaver (level 6, -1/52 HPs)
             Began as a Hill Orc Fighter on May 27, 2022.
             Was an Initiate of Beogh.
             Slain by Pikel
             ... wielding a +2 whip of freezing
              (5 damage)
             ... on level 4 of the Dungeon.
             The game lasted 00:06:41 (3371 turns).

safid the Cleaver (Hill Orc Fighter)                Turns: 3371, Time: 00:06:41

Health: -1/52      AC:  7    Str: 21    XL:     6   Next: 69%
Magic:  6/6        EV:  9    Int:  8    God:    Beogh [......]
Gold:   105        SH:  4    Dex: 10    Spells: 5/5 levels left

rFire   . . .      SeeInvis .   a - +0 war axe
rCold   . . .      Faith    .   c - +0 buckler
rNeg    . . .      Spirit   .   b - +0 scale mail
rPois   .          Reflect  .   (no helmet)
rElec   .          Harm     .   (no cloak)
rCorr   .          Rampage  .   (no gloves)
Will    .....                   (no boots)
Stlth   ..........              (no amulet)
HPRegen 0.17/turn               (no ring)
MPRegen 0.10/turn               (no ring)

@: no status effects
A: no striking features
a: Renounce Religion


You were on level 4 of the Dungeon.
You worshipped Beogh.
Beogh was noncommittal.
You visited 1 branch of the dungeon, and saw 4 of its levels.

You collected 105 gold pieces.

Inventory:

Hand Weapons
 a - a +0 war axe (weapon)
Missiles
 o - 3 silver boomerangs (quivered)
 p - 3 poisoned darts
Armour
 b - a +0 scale mail (worn)
 c - a +0 buckler (worn)
Jewellery
 d - an amulet of magic regeneration
 g - a ring of willpower
 n - a +6 ring of dexterity
Scrolls
 e - 3 scrolls of identify {unknown}
 f - 2 scrolls of noise {unknown}
 k - 2 scrolls of fear {unknown}
 l - 3 scrolls of enchant weapon {unknown}
Potions
 h - a potion of resistance {unknown}
 i - a potion of ambrosia {unknown}
 j - a potion of mutation {unknown}
 m - a potion of flight {unknown}


   Skills:
 - Level 4.0 Fighting
 + Level 8.1 Axes
 - Level 4.0 Armour
 - Level 4.0 Shields


You had 5 spell levels left.
You didn't know any spells.
Your spell library contained the following spells:

 Spells                   Type           Power      Damage    Failure   Level
 Dazzling Flash           Conj/Hex       0%         N/A       99%         3
 Portal Projectile        Hex/Tloc       0%         N/A       99%         3
 Iskenderun's Mystic Bla  Conj/Tloc      0%         2d3       100%        4
 Blade Hands              Tmut           0%         N/A       100%        5
 Excruciating Wounds      Necr           0%         N/A       100%        5
 Starburst                Conj/Fire      0%         6d3       100%        6


Dungeon Overview and Level Annotations

Branches:
Dungeon (4/15)
 Temple: D:4-7

Altars:

Annotations:
D:3 3 runed translucent doors, Zeld's ghost, amateur OpTm
D:4 Pikel


Message History

Pikel is heavily wounded.
Pikel barely misses you.
Pikel hits you with a +2 whip of freezing.
Pikel freezes you.
You slash Pikel!
Pikel is almost dead.
Pikel hits you with a +2 whip of freezing.
Pikel freezes you.
You closely miss Pikel.
Pikel is almost dead.
Pikel hits you with a +2 whip of freezing.
Pikel freezes you.
You barely miss Pikel.
Pikel is almost dead.
Pikel zaps a wand.
The puff of flame hits you.
* * * LOW HITPOINT WARNING * * *
You barely miss Pikel.
Pikel is almost dead.
Pikel hits you but does no damage.
You hit Pikel.
Pikel is almost dead.
Pikel misses you.
You closely miss Pikel.
Pikel is almost dead.
Pikel hits you with a +2 whip of freezing.
* * * LOW HITPOINT WARNING * * *
Pikel freezes you.
* * * LOW HITPOINT WARNING * * *
You hit Pikel but do no damage.
Pikel is almost dead.
Pikel hits you with a +2 whip of freezing.
* * * LOW HITPOINT WARNING * * *
Pikel freezes you.
* * * LOW HITPOINT WARNING * * *
The lemure shouts!
You hit Pikel.
Pikel is almost dead.
Pikel cracks his whip.
Pikel hits you with a +2 whip of freezing.
You die...

#...........#
#...........#
###...........#
#...###########
##.<...#
#.....# #....##
##...######+#
#.......@..#
######.K...#
#...##..(..#
#..........#
+..5########
#...# ... #...+
....#####...#
....#..##5..#


You could see Pikel and a lemure.

Vanquished Creatures
  Sigmund (D:3)
  3 lemures
  A phantom (D:4)
  An orc priest (D:3)
  Jessica (D:3)
  Ijyb (D:3)
  A gnoll (D:1)
  3 dart slugs (D:2)
  9 orcs (D:3)
  5 ball pythons
  7 bats
  2 endoplasms
  4 giant cockroaches
  6 goblins
  4 hobgoblins
  4 kobolds
  2 frilled lizards
  4 rats
59 creatures vanquished.

Vanquished Creatures (others)
  2 orc priests (D:3)
  A dart slug (D:3)
3 creatures vanquished.

Grand Total: 62 creatures vanquished

Notes
Turn   | Place    | Note
-------+----------+-------------------------------------------
     0 | D:1      | safid the Hill Orc Fighter began the quest for the Orb.
     0 | D:1      | Reached XP level 1. HP: 19/19 MP: 1/1
    69 | D:1      | Reached skill level 3 in Axes
    69 | D:1      | Reached XP level 2. HP: 22/27 MP: 2/2
   355 | D:1      | Reached XP level 3. HP: 33/33 MP: 3/3
   830 | D:2      | Found a faded altar of an unknown god.
  1586 | D:3      | Found a runed translucent gate.
  1587 | D:3      | Found a runed translucent gate.
  1588 | D:3      | Found a runed translucent gate.
  1588 | D:3      | Noticed Jessica
  1590 | D:3      | Killed Jessica
  1591 | D:3      | Reached skill level 4 in Axes
  1591 | D:3      | Reached XP level 4. HP: 40/40 MP: 4/4
  1647 | D:3      | Noticed Zeld's ghost (amateur OpTm)
  1697 | D:3      | Noticed Sigmund
  1707 | D:3      | Killed Sigmund
  1708 | D:3      | Reached skill level 6 in Axes
  1708 | D:3      | Reached XP level 5. HP: 41/46 MP: 5/5
  1708 | D:3      | Reached XP level 6. HP: 46/52 MP: 6/6
  1851 | D:3      | Became a worshipper of Beogh the Brigand
  1852 | D:3      | Noticed Ijyb
  1888 | D:3      | Killed Ijyb
  1889 | D:3      | Reached skill level 7 in Axes
  2628 | D:4      | Noticed Pikel
  2963 | D:4      | Reached skill level 8 in Axes
  3371 | D:4      | Slain by Pikel

Illustrated notes

Levels and vault maps discovered:
D:1:      dpeg_arrival_subterranean_lakeside_camping, layout_rooms
D:2:      layout_loops_ring, nicolae_ecumenical_pavilion,
          nicolae_figureground_sparkle
D:3:      layout_loops_ring, gammafunk_ghost_icy, uniq_jessica, uniq_ijyb,
          uniq_sigmund
D:4:      layout_gridville, uniq_natasha, uniq_pikel

Skill      XL: |  1  2  3  4  5  6 |
---------------+-------------------+-----
Axes           | 3 4 6 8 |  8.1
Fighting       | 4 |  4.0
Armour         | 4 |  4.0
Shields        | 4 |  4.0

Action                   |  1- 3 |  4- 6 || total
-------------------------+-------+-------++-------
Melee: War axe           |    73 |   125 ||   198
Throw: Boomerang         |       |     5 ||     5
Invok: Convert to Beogh  |       |     1 ||     1
  Use: Potion            |       |     1 ||     1
Armor: Scale mail        |    42 |    40 ||    82
Dodge: Dodged            |    26 |    48 ||    74
Block: Buckler           |    20 |    20 ||    40
